 Dungeon Crawl Stone Soup version 0.29-a0-664-gff9cad4a3d (webtiles) character file.

Game seed: 11092255407535528398

104797 vineage the Warrior (level 16, -6/127 HPs)
             Began as a Gargoyle Fighter on June 22, 2022.
             Was a High Priest of Okawaru.
             Killed by a resonance strike
             ... invoked by Zenata
              (44 damage)
             ... on level 1 of the Elven Halls.
             The game lasted 00:49:23 (33266 turns).

vineage the Warrior (Gargoyle Fighter)             Turns: 33266, Time: 00:49:23

Health: -6/127     AC: 53    Str: 28    XL:     16   Next: 39%
Magic:  17/24      EV: 15    Int:  9    God:    Okawaru [*****.]
Gold:   1700       SH:  9    Dex: 14    Spells: 15/15 levels left

rFire   . . .      SeeInvis .   l - +8 demon whip (venom)
rCold   . . .      Faith    .   c - +0 buckler
rNeg    + + .      Spirit   .   u - +1 plate armour of Noon {Regen+ Dex+5}
rPois   ∞          Reflect  .   H - +2 helmet of Indomitability {-Cast rN+ Will+}
rElec   +          Harm     .   D - +2 cloak
rCorr   .          Rampage  .   k - +0 pair of gloves
Will    ++...      NoCast   +   r - +2 pair of boots
Stlth   ..........              q - amulet of the acrobat
HPRegen 1.11/turn               M - +4 ring of protection
MPRegen 0.19/turn               K - +4 ring of evasion

@: heroic, finesse-ful, flying, studying 2 skills
A: sickness immunity, AC +12, big wings, negative energy resistance 1,
electricity resistance, torment resistance 1, petrification resistance,
iridescent scales 1, robust 1
a: Renounce Religion, Heroism, Finesse, Duel


You were on level 1 of the Elven Halls.
You worshipped Okawaru.
Okawaru was extremely pleased with you.
You visited 5 branches of the dungeon, and saw 25 of its levels.
You visited the Abyss 2 times.

You collected 4676 gold pieces.
You spent 2976 gold pieces at shops.

Inventory:

Hand Weapons
 l - a +8 demon whip of venom (weapon)
 G - the +8 mace "Esit Don" {pain, rElec Stlth+}
   (You found it on level 8 of the Dungeon)

   In the hands of one skilled in necromantic magic, it inflicts extra damage on
   living creatures.
   rElec:     It insulates you from electricity.
   Stlth:     It makes you more stealthy.
 J - the +10 morningstar "Eos" {elec, Halo rElec}
   (You bought it in a shop on level 2 of the Orcish Mines)

   It occasionally discharges a powerful burst of electricity upon striking a
   foe.
   It grants its wielder a halo, increasing accuracy against those within it.
   rElec:     It insulates you from electricity.
Missiles
 m - 3 throwing nets (quivered)
Armour
 c - a +0 buckler (worn)
 k - a +0 pair of gloves (worn)
 r - a +2 pair of boots (worn)
 u - the +1 plate armour of Noon (worn) {Regen+ Dex+5}
   (You bought it in a shop on level 2 of the Orcish Mines)

   Dex:       It affects your dexterity (+5).
   Regen:     It increases your rate of health regeneration.
 D - a +2 cloak (worn)
 H - the +2 helmet of Indomitability (worn) {-Cast rN+ Will+}
   (Okawaru gifted it to you on level 13 of the Dungeon)

   rN:        It protects you from negative energy.
   -Cast:     It prevents spellcasting.
   Will:      It increases your willpower.
Jewellery
 b - a ring of protection from cold
 g - a ring of protection from cold
 q - an amulet of the acrobat (around neck)
 s - a ring of protection from fire
 B - a ring of flight
 K - a +4 ring of evasion (right hand)
 M - a +4 ring of protection (left hand)
 O - a ring of wizardry
Wands
 a - a wand of flame (30)
 e - a wand of paralysis (33)
 n - a wand of mindburst (19)
 L - a wand of acid (7)
 N - a wand of digging (5)
 S - a wand of iceblast (7)
 T - a wand of polymorph (7)
Scrolls
 o - 2 scrolls of magic mapping
 t - 9 scrolls of identify
 v - 8 scrolls of teleportation
 w - 3 scrolls of amnesia
 x - 5 scrolls of blinking
 y - 3 scrolls of fog
 z - 3 scrolls of enchant armour
 A - 3 scrolls of poison
 P - 2 scrolls of fear
 V - 2 scrolls of enchant weapon
Potions
 d - 4 potions of might
 f - 7 potions of attraction
 h - 4 potions of haste
 i - 5 potions of curing
 j - 2 potions of heal wounds
 p - 2 potions of magic
 C - 3 potions of berserk rage
 E - 2 potions of invisibility
 F - 2 potions of flight
 I - 3 potions of cancellation
 Q - 2 potions of mutation
 R - 2 potions of brilliance
 U - 2 potions of ambrosia {unknown}


   Skills:
 * Level 18.9(23.9) Fighting
 - Level 3.7(8.7) Short Blades
 * Level 12.2(17.2) Maces & Flails
 + Level 17.2(22.2) Armour
 + Level 13.8(18.8) Shields
 - Level 11.0 Invocations


You had 15 spell levels left.
You didn't know any spells.
Your spell library contained the following spells:

 Spells                   Type           Power      Damage    Failure   Level
 Foxfire                  Conj/Fire      0%         2x1d4     86%         1
 Freeze                   Ice            0%         1d3       86%         1
 Slow                     Hex            0%         N/A       86%         1
 Scorch                   Fire           0%         2d5       95%         2
 Confusing Touch          Hex            0%         N/A       99%         3
 Conjure Flame            Conj/Fire      0%         6-21      99%         3
 Dazzling Flash           Conj/Hex       0%         N/A       99%         3
 Frozen Ramparts          Ice            0%         1d2       99%         3
 Inner Flame              Hex/Fire       0%         N/A       99%         3
 Portal Projectile        Hex/Tloc       0%         N/A       99%         3
 Vampiric Draining        Necr           0%         2d6       99%         3
 Cause Fear               Hex            0%         N/A       100%        4
 Flame Wave               Conj/Fire      0%         2d4       100%        4
 Hailstorm                Conj/Ice       0%         3d3       100%        4
 Iskenderun's Mystic Bla  Conj/Tloc      0%         2d3       100%        4
 Leda's Liquefaction      Hex/Erth       0%         N/A       100%        4
 Borgnjor's Vile Clutch   Necr/Erth      0%         N/A       100%        5
 Iskenderun's Battlesphe  Conj           0%         2d6       100%        5
 Conjure Ball Lightning   Conj/Air       0%         3x3d6     100%        6
 Iron Shot                Conj/Erth      0%         9d1       100%        6
 Starburst                Conj/Fire      0%         6d3       100%        6
 Discord                  Hex            0%         N/A       100%        8
 Disjunction              Tloc           0%         N/A       100%        8
 Call Canine Familiar     Summ           Unusable   N/A       N/A         3
 Animate Dead             Necr           Unusable   N/A       N/A         4
 Death Channel            Necr           Unusable   N/A       N/A         6
 Summon Cactus Giant      Summ           Unusable   N/A       N/A         6
 Spellforged Servitor     Conj/Summ      Unusable   N/A       N/A         7

Dungeon Overview and Level Annotations

Branches:
Dungeon (15/15)            Temple (1/1) D:4            Lair (6/6) D:8
 Shoals (0/4) Lair:3       Spider (0/4) Lair:4        Slime (0/5) Lair:6
    Orc (2/2) D:10            Elf (1/3) Orc:2        Vaults (0/5) D:14
 Depths (0/4) D:15

Altars:
Ashenzari
Cheibriados
Dithmenos
Elyvilon
Fedhas
Gozag
Hepliaklqana
Kikubaaqudgha
Makhleb
Nemelex Xobeh
Okawaru
Qazlal
Ru
Sif Muna
Trog
Uskayaw
Vehumet
Wu Jian
Xom
Yredelemnul
Zin
The Shining One
Beogh
Jiyva

Shops:
D:7 *   D:10 *   Orc:2 [(=!(   Elf:1 =

Portals:
Hell: Lair:6

Annotations:
D:4 2 runed translucent doors
Elf:1 Zenata


Innate Abilities, Weirdness & Mutations

You are immune to sickness and miasma.
Your stone body is resilient. (AC +12)
You are immune to poison.
Your large and strong wings let you fly.
You resist negative energy. (rN+)
You are resistant to electric shocks. (rElec)
You are resistant to unholy torment.
You are immune to petrification.
You are partially covered in iridescent scales. (AC +2)
You are robust. (+10% HP)


Message History

Zenata is moderately wounded.
The +5 mace of holy wrath hits you but does no damage.
You block the +5 mace of holy wrath's attack.
The +0 glaive of freezing hits you! The +0 glaive of freezing freezes you.
You closely miss Zenata.
Zenata is moderately wounded.
You block the +5 mace of holy wrath's attack.
Zenata casts a spell at you.
A blast of power from the earth and the adjacent constructs strikes you!
The +0 glaive of freezing hits you. The +0 glaive of freezing freezes you.
You barely miss Zenata.
Zenata is moderately wounded.
The +5 mace of holy wrath hits you but does no damage.
You whack Zenata!
Zenata looks as sick as possible!
Zenata is moderately wounded.
The +5 mace of holy wrath hits you but does no damage.
The +0 glaive of freezing hits you. The +0 glaive of freezing freezes you.
Zenata hits you with a +5 triple sword!!
You are too injured to fight recklessly!
You are too injured to fight recklessly!
You are too injured to fight recklessly!
You are too injured to fight recklessly!
You are too injured to fight recklessly!
You are too injured to fight recklessly!
You gain the combat prowess of a mighty hero.
The +5 mace of holy wrath hits you!
You block the +0 glaive of freezing's attack.
You block the +5 mace of holy wrath's attack.
The +0 glaive of freezing barely misses you.
The +5 mace of holy wrath barely misses you.
Zenata sends weapons flying into battle!
You can now deal lightning-fast blows.
The +5 mace of holy wrath hits you!
* * * LOW HITPOINT WARNING * * *
The +0 glaive of freezing hits you but does no damage.
The +5 mace of holy wrath hits you but does no damage.
You block the +0 glaive of freezing's attack.
Zenata casts a spell at you.
A blast of power from the earth and the adjacent constructs strikes you!
You die...

#..... #...8.. #.# ##.......
.## #.# ##..##...# >.# ##.##
#).)#..... #.# #...#
###.....8[8. . #.#
#...####...8...[#|. ..##.#
#...##a#)#.....8)8. . e..#
#...#)#@(#...#.....
..##.#####(.((###(##..##...#
..e.e..a....)## ##.##.......
e.......).)e## ##)##...8..
...#.........## ##.## #....
####.#####..^.###.###.###.
.....# #...#.#.?.......
#.#### ##...##.#####...∩ #.
#......## .#


You could see Zenata (extremely poisoned) and 2 dancing weapons.

Vanquished Creatures
  Saint Roka (Orc:2)
  Kirke (D:13)
  A fire giant (Elf:1)
  A frost giant (D:12)
  An orc warlord (Orc:2)
  A stone giant (D:15)
  A dire elephant (Lair:6)
  3 fire dragons
  A vault guard (D:14)
  Erica (D:11)
  2 boulder beetles
  An ice dragon (D:12)
  An ogre mage (D:15)
  8 hydras
  3 centaur warriors
  3 catoblepae (Lair:5)
  3 dancing weapons (Elf:1)
  6 two-headed ogres
  2 tengu warriors (D:14)
  Sonja (Lair:5)
  6 deep elf knights (Elf:1)
  A sixfirhy (Lair:6)
  Pikel (D:5)
  3 deep elf archers (Elf:1)
  2 wizards
  14 deep elf pyromancers
  11 deep elf zephyrmancers (Elf:1)
  6 ugly things
  5 orc sorcerers
  An oklob plant (Lair:3)
  3 manticores
  13 slime creatures
  Maurice (D:8)
  2 cyclopes
  A guardian serpent (shapeshifter) (D:13)
  Joseph (D:8)
  An elephant (Lair:6)
  3 black mambas
  An ice statue (D:12)
  13 cane toads
  Maggie (D:8)
  7 rime drakes
  A gargoyle (D:14)
  3 orange demons (Lair:6)
  An unseen horror (D:11)
  4 yaktaurs (D:15)
  The ghost of jazmu the Digger, a novice FoEE (D:3)
  2 kobold demonologists
  9 komodo dragons
  2 red devils (Lair:6)
  A hellwing (Lair:6)
  An ice devil (Lair:6)
  A wind drake (Lair:3)
  A polar bear (shapeshifter) (D:13)
  8 trolls
  2 polar bears
  A hornet (D:7)
  6 dream sheep (Lair:4)
  19 blink frogs
  A spriggan (Lair:3)
  2 air elementals (Elf:1)
  4 water elementals
  3 wyverns
  A wraith (D:11)
  4 basilisks
  A fire elemental (Elf:1)
  3 hogs (D:13)
  55 yaks
  15 vampire mosquitoes
  2 steam dragons
  Grum (D:8)
  Edmund (D:4)
  5 wargs
  2 acid dragons
  4 hell hounds (Lair:6)
  17 water moccasins
  4 black bears
  35 orc warriors
  2 sky beasts
  16 ice beasts (D:12)
  13 centaurs
  8 wolves
  6 ogres
  2 phantoms
  A lemure (D:5)
  A kobold brigand (D:12)
  10 bullfrogs
  An earth elemental (Elf:1)
  2 gnoll sergeants
  7 wights
  4 killer bees
  10 electric eels
  5 howler monkeys
  9 jellies
  7 hounds
  30 orc priests
  Crazy Yiuf (D:6)
  4 iguanas
  38 orc wizards
  21 gnolls
  7 adders
  A white imp (D:4)
  An ufetubus (D:6)
  A worm (D:3)
  A dart slug (D:2)
  101 orcs
  15 endoplasms
  5 giant cockroaches
  9 goblins
  7 hobgoblins
  8 jackals
  3 quokkas
  13 ball pythons
  6 bats
  2 frilled lizards (D:1)
  13 kobolds
  2 rats (D:1)
755 creatures vanquished.

Vanquished Creatures (others)
  A vampire (D:12)
  53 fungi
  57 plants
111 creatures vanquished.

Grand Total: 866 creatures vanquished

Notes
Turn   | Place    | Note
-------+----------+-------------------------------------------
     0 | D:1      | vineage the Gargoyle Fighter began the quest for the Orb.
     0 | D:1      | Reached XP level 1. HP: 14/14 MP: 1/1
   233 | D:1      | Reached XP level 2. HP: 19/19 MP: 2/2
   726 | D:1      | Found a faded altar of an unknown god.
   795 | D:1      | Reached XP level 3. HP: 21/24 MP: 3/3
  1325 | D:2      | Reached skill level 4 in Fighting
  1712 | D:2      | Reached XP level 4. HP: 21/29 MP: 4/4
  2323 | D:3      | Found a sacrificial altar of Ru.
  2515 | D:3      | Found a runed translucent gate.
  2515 | D:3      | Found a runed translucent gate.
  2515 | D:3      | Found a runed translucent gate.
  2516 | D:3      | Noticed jazmu's ghost (novice FoEE)
  2541 | D:3      | Reached XP level 5. HP: 33/34 MP: 5/5
  3048 | D:3      | Killed jazmu's ghost
  3049 | D:3      | Reached skill level 5 in Fighting
  3049 | D:3      | Reached XP level 6. HP: 32/40 MP: 6/6
  3187 | D:4      | Found a staircase to the Ecumenical Temple.
  3619 | D:4      | Reached XP level 7. HP: 39/44 MP: 7/7
  3708 | Temple   | Entered the Ecumenical Temple
  3782 | Temple   | Became a worshipper of Warmaster Okawaru
  3895 | D:4      | Found a large runed translucent door.
  3895 | D:4      | Found a large runed translucent door.
  3898 | D:4      | Noticed Edmund
  3936 | D:4      | Killed Edmund
  4132 | D:4      | Reached skill level 6 in Fighting
  4145 | D:4      | Found the +8 arc blade {discharge, rElec}
  4207 | D:4      | Found a large runed translucent door.
  4207 | D:4      | Found a large runed translucent door.
  4300 | D:4      | Reached skill level 5 in Armour
  4300 | D:4      | Reached skill level 5 in Shields
  4301 | D:4      | Reached * piety under Okawaru
  4515 | D:4      | Reached XP level 8. HP: 50/52 MP: 8/8
  4827 | D:4      | You fall into a shaft and drop 2 floors!
  4841 | D:5      | Entered Level 5 of the Dungeon
  4910 | D:5      | Reached skill level 7 in Fighting
  5160 | D:4      | Gained mutation: Your flesh is cold resistant. (rC+)
                  | [potion of mutation]
  5161 | D:4      | Lost mutation: Your flesh is cold resistant. (rC+) [potion
                  | of mutation]
  5161 | D:4      | Gained mutation: You are robust. (+10% HP) [potion of
                  | mutation]
  5161 | D:4      | Gained mutation: You are partially covered in iridescent
                  | scales. (AC +2) [potion of mutation]
  5254 | D:5      | Noticed Pikel
  5264 | D:5      | Killed Pikel
  5264 | D:5      | Reached ** piety under Okawaru
  5265 | D:5      | Reached skill level 8 in Fighting
  5385 | D:5      | Reached XP level 9. HP: 63/66 MP: 9/9
  5922 | D:6      | Reached skill level 1 in Short Blades
  6270 | D:6      | Reached skill level 9 in Fighting
  6427 | D:6      | Found a runed translucent door.
  6428 | D:6      | Noticed Crazy Yiuf
  6754 | D:6      | Killed Crazy Yiuf
  6783 | D:7      | Reached *** piety under Okawaru
  7133 | D:7      | Found an opulent altar of Gozag.
  7159 | D:7      | Found Nuisk's Overcharged Wands.
  7171 | D:7      | Reached skill level 10 in Fighting
  7296 | D:7      | Noticed a hornet
  7311 | D:7      | Killed a hornet
  7312 | D:7      | Reached XP level 10. HP: 74/74 MP: 8/10
  7845 | D:8      | Noticed Joseph
  7861 | D:8      | Killed Joseph
  7861 | D:8      | Reached **** piety under Okawaru
  7862 | D:8      | Reached skill level 1 in Invocations
  8178 | D:8      | Found a staircase to the Lair.
  8252 | D:8      | Noticed Grum
  8264 | D:8      | Killed Grum
  8267 | D:8      | Noticed Maggie
  8285 | D:8      | Paralysed by Maggie for 5 turns
  8293 | D:8      | Killed Maggie
  8806 | D:8      | Identified the +8 mace "Esit Don" {pain, rElec Stlth+}
  8833 | D:8      | Noticed Maurice
  8859 | D:8      | Killed Maurice
  8860 | D:8      | Reached skill level 11 in Fighting
  8860 | D:8      | Reached skill level 5 in Maces & Flails
  9713 | D:9      | Noticed a kobold demonologist
  9728 | D:9      | Noticed a sun demon
  9811 | D:8      | Noticed a smoke demon
  9815 | D:8      | Killed a kobold demonologist
  9920 | D:9      | Reached ***** piety under Okawaru
 10301 | D:9      | Identified a scroll of acquirement
 10301 | D:9      | Acquired a manual of Armour
 10677 | D:9      | Found a snail-covered altar of Cheibriados.
 10678 | D:9      | Found a shimmering altar of Xom.
 10723 | D:10     | Entered Level 10 of the Dungeon
 10742 | D:9      | Reached XP level 11. HP: 70/83 MP: 13/13
 11201 | D:10     | Reached skill level 12 in Fighting
 11619 | D:10     | Found a staircase to the Orcish Mines.
 11777 | D:10     | Found a broken altar of Ashenzari.
 11780 | D:10     | Found a blossoming altar of Fedhas.
 11982 | D:10     | Found Oklixe's Fire Supplies.
 12205 | D:11     | Noticed a boulder beetle
 12216 | D:11     | Noticed a two-headed ogre
 12438 | D:11     | Killed a two-headed ogre
 12581 | D:11     | Identified the +1 plate armour of Articulation {rElec
                  | Int+4} (Okawaru gifted it to you on level 11 of the
                  | Dungeon)
 12581 | D:11     | Received a gift from Okawaru
 12813 | D:11     | Killed a boulder beetle
 13435 | D:11     | Found an ancient bone altar of Kikubaaqudgha.
 13479 | D:11     | Noticed a two-headed ogre
 13489 | D:11     | Killed a two-headed ogre
 13490 | D:11     | Reached skill level 5 in Invocations
 13547 | D:11     | Reached skill level 10 in Armour
 13802 | D:11     | Noticed Erica
 13839 | D:11     | Killed Erica
 14247 | Lair:1   | Entered Level 1 of the Lair of Beasts
 14471 | Lair:1   | Reached skill level 13 in Fighting
 14972 | Lair:1   | HP: 2/85 [komodo dragon (14)]
 15558 | Lair:1   | Reached XP level 12. HP: 75/92 MP: 16/16
 17593 | Lair:3   | Reached skill level 10 in Shields
 17638 | Lair:3   | You fall into a shaft and drop 1 floor!
 18274 | Lair:3   | Found a staircase to the Shoals.
 18678 | Lair:3   | Noticed a seven-headed hydra
 18678 | Lair:3   | Noticed a five-headed hydra
 18694 | Lair:3   | Killed a five-headed hydra
 18702 | Lair:3   | Killed a seven-headed hydra
 18876 | Lair:3   | Reached skill level 14 in Fighting
 19750 | Lair:4   | Found a hole to the Spider Nest.
 20005 | Lair:4   | Reached XP level 13. HP: 100/100 MP: 18/18
 20934 | Lair:5   | Identified the -2 pair of boots of Dyisiov {Harm Fly Will++
                  | Int+4} (Okawaru gifted it to you on level 5 of the Lair of
                  | Beasts)
 20934 | Lair:5   | Received a gift from Okawaru
 21349 | Lair:5   | Reached skill level 15 in Fighting
 22112 | Lair:6   | Entered Level 6 of the Lair of Beasts
 22112 | Lair:6   | Noticed Sonja
 22116 | Lair:6   | Cast into level 1 of the Abyss (Sonja)
 22143 | Lair:6   | Escaped the Abyss
 22170 | Lair:5   | Killed Sonja
 22405 | Lair:6   | Found a viscous altar of Jiyva.
 22405 | Lair:6   | Found a staircase to the Slime Pits.
 23608 | Lair:6   | Gained mutation: Your large and strong wings let you fly.
                  | [Gargoyle growth]
 23608 | Lair:6   | Reached XP level 14. HP: 73/108 MP: 17/20
 23642 | Lair:6   | Reached skill level 16 in Fighting
 23651 | Lair:6   | Identified the +3 plate armour "Ustrailae" {Int+4} (Okawaru
                  | gifted it to you on level 6 of the Lair of Beasts)
 23651 | Lair:6   | Received a gift from Okawaru
 24221 | Lair:6   | Cast into level 2 of the Abyss (a wizard)
 24248 | Lair:6   | Escaped the Abyss
 24268 | Lair:6   | Found a burning altar of Makhleb.
 24809 | Lair:6   | Noticed a dire elephant
 24824 | Lair:6   | Killed a dire elephant
 25240 | Lair:6   | Found a gateway to Hell.
 25622 | Orc:1    | Entered Level 1 of the Orcish Mines
 25713 | Orc:1    | Paralysed by an orc sorcerer for 4 turns
 26110 | Orc:1    | Noticed an orc warlord
 26329 | Orc:2    | Entered Level 2 of the Orcish Mines
 26439 | Orc:2    | Found a staircase to the Elven Halls.
 26875 | Orc:2    | Noticed Saint Roka
 27288 | Orc:2    | Found Buguobra's Jewellery Emporium.
 27554 | Orc:2    | Found Zuagum's Distillery.
 27682 | Orc:2    | Bought a potion of mutation for 112 gold pieces
 27682 | Orc:2    | Bought a potion of might for 56 gold pieces
 27682 | Orc:2    | Bought a potion of berserk rage for 70 gold pieces
 27812 | Orc:2    | Noticed an orc warlord
 27877 | Orc:2    | Killed an orc warlord
 28027 | Orc:2    | Found Gerell's Weapon Emporium.
 28109 | Orc:2    | Found Vaoseah's Antique Weapon Shoppe.
 28112 | Orc:2    | Found Kucw's Antique Armour Emporium.
 28118 | Orc:2    | Bought a tiger eye-studded plate armour for 1036 gold
                  | pieces
 28118 | Orc:2    | Identified the +1 plate armour of Noon {Regen+ Dex+5} (You
                  | bought it in a shop on level 2 of the Orcish Mines)
 28330 | Orc:2    | Reached skill level 10 in Maces & Flails
 28618 | Orc:2    | Killed Saint Roka
 29097 | D:12     | Reached skill level 15 in Armour
 29264 | D:13     | Reached skill level 17 in Fighting
 29540 | D:13     | Found a white marble altar of Elyvilon.
 29540 | D:13     | Noticed Kirke
 29567 | D:13     | Reached skill level 10 in Invocations
 29586 | D:13     | Killed Kirke
 29586 | D:13     | Identified the +2 helmet of Indomitability {-Cast rN+
                  | Will+} (Okawaru gifted it to you on level 13 of the
                  | Dungeon)
 29586 | D:13     | Received a gift from Okawaru
 29598 | D:13     | Reached XP level 15. HP: 113/117 MP: 22/22
 30431 | D:14     | Found a gate to the Vaults.
 30697 | D:15     | Entered Level 15 of the Dungeon
 30974 | D:15     | Found a staircase to the Depths.
 31340 | D:15     | Reached skill level 18 in Fighting
 32190 | D:12     | Received a gift from Okawaru
 32243 | D:12     | Noticed a frost giant
 32253 | D:12     | Killed a frost giant
 32442 | D:12     | Acquired a manual of Evocations
 32443 | D:12     | Acquired 1159 gold pieces
 32444 | D:12     | Acquired 907 gold pieces
 32743 | Orc:2    | Bought the +10 morningstar "Eos" {elec, Halo rElec} for
                  | 1702 gold pieces
 32743 | Orc:2    | Found the +10 morningstar "Eos" {elec, Halo rElec}
 32771 | Elf:1    | Entered Level 1 of the Elven Halls
 32781 | Elf:1    | Paralysed by an air elemental for 1 turns
 32848 | Elf:1    | Reached XP level 16. HP: 101/127 MP: 24/24
 32967 | Elf:1    | Reached ****** piety under Okawaru
 32967 | Elf:1    | Identified the +1 pair of gloves of Pouguz {+Blink rC-
                  | Int+2 Stlth+} (Okawaru gifted it to you on level 1 of the
                  | Elven Halls)
 32967 | Elf:1    | Received a gift from Okawaru
 33040 | Elf:1    | Found Joynecek's Jewellery Shoppe.
 33086 | Elf:1    | Paralysed by an air elemental for 1 turns
 33097 | Elf:1    | Paralysed by an air elemental for 1 turns
 33224 | Elf:1    | Noticed Zenata
 33266 | Elf:1    | Killed from afar by Zenata

Illustrated notes

Levels and vault maps discovered:
D:1:      dpeg_arrival_orchard, layout_loops_ring,
          shapermc_ecumenical_altar_mp_ritualfount, minmay_heptomino_d4
D:2:      layout_basic, minmay_quadrilaterals
D:3:      wander_river, layout_basic, nicolae_ru_sacrificial_ziggurat,
          ebering_ghost_rock_garden, interstate_on_off, minmay_misc_feat_iff,
          chequers_arboretum
D:4:      layout_loops_ring, minmay_temple_entry_ruins, minmay_misc_feat_plants,
          kennysheep_cluttered_room, minmay_hollow_rounded_squares, uniq_edmund
D:5:      layout_cave_pools, uniq_pikel
D:6:      layout_loops_ring, kennysheep_big_empty_room, uniq_crazy_yiuf_cottage
D:7:      layout_basic, grunt_gozag_breadcrumbs, serial_rivers,
          chequers_serial_rivers_room_b, chequers_serial_rivers_large_b,
          chequers_serial_rivers_room_b, chequers_serial_rivers_large_a,
          chequers_serial_rivers_room_b, chequers_serial_rivers_micro_d,
          nicolae_shop_overcharged_wands
D:8:      layout_basic, dpeg_oklobed_lair, uniq_maggie, uniq_grum, uniq_joseph,
          uniq_maurice
D:9:      layout_big_octagon, gammafunk_temple_overflow_statue
D:10:     layout_rooms, nicolae_overflow_squiral, orc_0_dummy,
          nrook_mini_vaults, nicolae_shop_fire_sale [nicolae_sub_dead_trees]
D:11:     layout_basic, kiku_gazebo_pond_becter, uniq_erica
D:12:     minmay_twisted_water, layout_cave_pods
D:13:     layout_gridville, elyvilon_altar_5, uniq_kirke
D:14:     layout_cave_pools, david_vaults_5, special_room [special_room_orc],
          hex_medium
D:15:     grunt_enter_depths_giant_problem, layout_loops_ring,
          minmay_misc_feat_rows
Temple:   nicolae_temple_x_marks_the_god
Lair:1:   layout_hall_layers, grunt_megastairs_1
Lair:2:   layout_cave_shapes, lemuel_fruit_fields
Lair:3:   lemuel_slime, layout_long_grid, minmay_shoals_entry_beasts,
          minmay_holes, grunt_forest_large_clearing_hut, grunt_megastairs_4,
          serial_bayou_shore_a
Lair:4:   layout_roguey, dummy_spider_entry, nicolae_lair_lil_pond,
          nicolae_quartered_pool_medium
Lair:5:   layout_loops_ring
Lair:6:   evil_forest, layout_layer_cave, dpeg_slime_entry_enclosed, uniq_sonja
Orc:1:    gammafunk_beogh_shrine, layout_diamond_mine, nicolae_orc_tapped_out
Orc:2:    grunt_orc_community_town_hall, layout_diamond_mine,
          grunt_orc_community_big_house_1, grunt_orc_community_big_house_2,
          grunt_orc_community_house_3, grunt_orc_community_house_1,
          grunt_orc_community_house_1, grunt_orc_community_house_2,
          grunt_orc_community_house_3, grunt_orc_community_house_3,
          serial_shops, shop_fountains
Elf:1:    minmay_firetagon, layout_loops_cross, serial_shops,
          nicolae_shop_statue_plus, shop, shop, minivault_28, uniq_zenata

Skill      XL: |  1  2  3  4  5  6  7  8  9 10 11 12 13 14 15 16 |
---------------+-------------------------------------------------+-----
Fighting       | 4 5 6 8 10 11 13 14 15 17 18 | 18.9
Maces & Flails | 3 4 5 6 8 9 10 11 12 | 12.2
Armour         | 4 5 6 7 8 10 12 13 15 16 17 | 17.2
Shields        | 4 5 6 7 8 9 10 11 12 13 | 13.8
Short Blades   | 3 |  3.7
Invocations    | 3 5 7 8 10 11 | 11.0

Action                   |  1- 3 |  4- 6 |  7- 9 | 10-12 | 13-15 | 16-18 || total
-------------------------+-------+-------+-------+-------+-------+-------++-------
Melee: Flail             |   138 |   121 |    55 |       |       |       ||   314
       Rapier            |       |       |   215 |    83 |       |       ||   298
       Mace              |       |       |       |   779 |  1201 |       ||  1980
       Demon whip        |       |       |       |       |   752 |   213 ||   965
Invok: Heroism           |       |       |     2 |    20 |    25 |     4 ||    51
       Finesse           |       |       |       |     2 |     6 |     1 ||     9
  Use: Scroll            |     3 |     8 |     6 |    13 |    10 |       ||    40
       Potion            |       |     1 |     5 |     5 |     7 |       ||    18
Armor: Scale mail        |   103 |    77 |   159 |   145 |       |       ||   484
       Skin              |       |    10 |       |       |       |       ||    10
       Plate armour      |       |       |       |   512 |  1195 |    84 ||  1791
       Chain mail        |       |       |       |   123 |       |       ||   123
Dodge: Dodged            |    76 |    68 |   122 |   441 |   935 |    80 ||  1722
Block: Buckler           |    26 |    28 |    71 |   281 |   626 |    39 ||  1071

Table legend: (Time is in decaauts)
 A = Elapsed time spent in this place.
 B = Non-inter-level travel time spent in this place.
 C = Inter-level travel time spent in this place.
 D = Time resting spent in this place.
 E = Time spent auto-exploring this place.
 F = Levels seen in this place.
 G = Mean time per level.
                   A        B        C        D        E       F      G
               +--------+--------+--------+--------+--------+-----+--------+
         Total |  32905 |  31304 |   1601 |   6350 |  19283 |  27 | 1218.7 |
       Dungeon |  18149 |  17268 |    881 |   2712 |  11463 |  15 | 1209.9 |
        Temple |     80 |     61 |     19 |      0 |     46 |   1 |   80.0 |
          Lair |  11166 |  10774 |    392 |   2925 |   6360 |   6 | 1861.0 |
  Orcish Mines |   3086 |   2784 |    302 |    713 |   1298 |   2 | 1543.0 |
   Elven Halls |    368 |    363 |      5 |      0 |    115 |   1 |  368.0 |
         Abyss |     53 |     53 |      0 |      0 |      0 |   2 |   26.5 |
               +--------+--------+--------+--------+--------+-----+--------+

Top non-repeatable levels by time:
  Lair:6: 3207 daAuts
   Orc:2: 2364 daAuts
    D:11: 2342 daAuts
  Lair:3: 2110 daAuts
     D:8: 2052 daAuts
  Lair:4: 1609 daAuts
  Lair:1: 1603 daAuts
  Lair:2: 1560 daAuts
     D:4: 1530 daAuts
     D:3: 1459 daAuts
     D:9: 1347 daAuts
    D:10: 1179 daAuts
     D:1: 1119 daAuts
     D:2: 1088 daAuts
    D:12: 1088 daAuts
